 Dungeon Crawl Stone Soup version 0.26.0-10-g1f06aea511 (webtiles) character file.

Game seed: 9897476404783193464

25571 raph the Cleaver (level 13, -2/93 HPs)
             Began as a Human Necromancer on Feb 1, 2021.
             Was a High Priest of Okawaru.
             Slain by an eight-headed hydra (14 damage)
             ... on level 3 of the Lair of Beasts.
             The game lasted 00:51:20 (20850 turns).

raph the Cleaver (Human Necromancer)               Turns: 20850, Time: 00:51:20

Health: -2/93      AC: 15    Str: 13    XL:     13   Next: 51%
Magic:  11/19      EV: 20    Int: 22    God:    Okawaru [*****.]
Gold:   578        SH:  0    Dex: 17    Spells: 3/20 levels left

rFire    + . .     SeeInvis .   a - +3 battleaxe (flame)
rCold    . . .     Faith    +   (shield currently unavailable)
rNeg     . . .     Spirit   .   N - +3 leather armour {rF+}
rPois    .         Reflect  .   j - +2 helmet
rElec    .         Harm     .   n - +1 cloak (curse)
rCorr    .         Rampage  .   y - +2 pair of gloves {Str+3}
Will     .....                  (no boots)
Stlth    +++++.....             P - amulet of faith
HPRegen  0.25/turn              S - ring of stealth
MPRegen  0.16/turn              s - +6 ring of intelligence

@: heroism, slowed, very slow
A: no striking features
a: Renounce Religion, Heroism, Finesse


You were on level 3 of the Lair of Beasts.
You worshipped Okawaru.
Okawaru was extremely pleased with you.
You visited 2 branches of the dungeon, and saw 12 of its levels.
You also visited: Volcano.

You collected 859 gold pieces.
You spent 281 gold pieces at shops.

Inventory:

Hand Weapons
 a - a +3 battleaxe of flaming (weapon)
 b - a +0 dagger
 p - a +0 broad axe
 w - a +4 hand axe
 G - a +2 vorpal hand axe
 M - a +1 broad axe of flaming
Missiles
 H - 158 stones
Armour
 d - a +0 pair of gloves of strength
 e - a +0 robe
 f - a +0 leather armour
 j - a +2 helmet (worn)
 n - a cursed +1 cloak (worn)
 q - a +1 leather armour of willpower
 y - a +2 pair of gloves of strength (worn)
 I - a +0 hat
 N - a +3 leather armour of fire resistance (worn)
 Q - a +1 troll leather armour {Snorg}
Jewellery
 s - a +6 ring of intelligence (right hand)
 x - an uncursed amulet of magic regeneration
 A - an uncursed ring of willpower
 D - an uncursed ring of see invisible
 P - an amulet of faith (around neck)
 S - a ring of stealth (left hand)
Wands
 r - a wand of enslavement (8)
 v - a wand of paralysis (11)
 C - a wand of flame (56)
 J - a wand of random effects (18)
Scrolls
 c - 2 scrolls of fear
 l - 2 scrolls of identify
 m - 4 scrolls of teleportation
 o - a scroll of fog
 t - a scroll of remove curse
 B - 2 scrolls of amnesia
 E - a scroll of immolation
Potions
 g - 3 potions of lignification
 h - 7 potions of attraction
 i - 5 potions of curing
 k - 4 potions of mutation
 z - 2 potions of resistance
 L - a potion of flight
 O - a potion of berserk rage
Miscellaneous
 u - a box of beasts
 F - a phial of floods
 K - a condenser vane


   Skills:
 - Level 5.9(10.9) Fighting
 * Level 14.7(19.7) Axes
 - Level 6.6(11.6) Dodging
 - Level 4.2(9.2) Stealth
 - Level 4.0 Spellcasting
 - Level 9.0 Necromancy
 - Level 5.0 Earth Magic
 - Level 5.2 Invocations
 - Level 5.6 Evocations


You had 3 spell levels left.
You knew the following spells:

 Your Spells              Type           Power        Failure   Level
a - Pain                  Necr           100%         1%          1
b - Animate Skeleton      Necr           88%          1%          1
c - Vampiric Draining     Necr           22%          1%          3
d - Animate Dead          Necr           22%          3%          4
e - Agony                 Necr           44%          9%          5
f - Sandblast             Erth           52%          1%          1
g - Passwall              Tmut/Erth      12%          8%          2

Your spell library contained the following spells:

 Spells                   Type           Power        Failure   Level
 Apportation              Tloc           8%           14%         1
 Corona                   Hex            4%           14%         1
 Summon Small Mammal      Summ           16%          14%         1
 Stone Arrow              Conj/Erth      30%          14%         3
 Confusing Touch          Hex            4%           38%         3
 Gell's Gravitas          Tloc           2%           38%         3
 Petrify                  Tmut/Erth      15%          43%         4
 Lee's Rapid Deconstruct  Erth           13%          43%         5
 Ice Form                 Ice/Tmut       4%           80%         4
 Simulacrum               Ice/Necr       12%          97%         6
 Metabolic Englaciation   Hex/Ice        2%           98%         5
 Yara's Violent Unravell  Hex/Tmut       2%           98%         5
 Freezing Cloud           Conj/Ice/Air   2%           100%        6
 Ozocubu's Refrigeration  Ice            2%           100%        6


Dungeon Overview and Level Annotations

Branches:
Dungeon (9/15)             Temple (0/1) D:5            Lair (3/6) D:9
Volcano (visited)
  Swamp: Lair:2-4    Shoals: Lair:2-4     Snake: Lair:2-4    Spider: Lair:2-4
    Orc: D:9-12

Altars:
Elyvilon
Fedhas
Gozag
Kikubaaqudgha
Okawaru
Sif Muna
Trog
Wu Jian

Shops:
D:6 *!   D:9 (

Annotations:
D:5 2 runed translucent doors, inc's ghost, amateur FeEn
Lair:3 2 exclusions


Message History

As you read the scroll of fear, it crumbles to dust.
You assume a fearsome visage.
The eight-headed hydra easily resists.
Okay, then.
Casting: Agony (dangerous; 9% risk of failure)
Confirm with . or Enter, or press ? or * to list all spells.
Aiming: Vampiric Draining (safe; 1% risk of failure)
Press: ? - help, Shift-Dir - straight line, f - eight-headed hydra
Aim: an eight-headed hydra (moderately wounded)
The eight-headed hydra is heavily wounded.
You feel life coursing into your body. The eight-headed hydra misses you.
The eight-headed hydra bites you but does no damage.
The eight-headed hydra barely misses you.
The eight-headed hydra closely misses you.
The eight-headed hydra completely misses you.
The eight-headed hydra barely misses you.
The eight-headed hydra bites you but does no damage.
The eight-headed hydra closely misses you.
The eight-headed hydra bites you but does no damage.
The eight-headed hydra bites you!
You die...

#....P#♣♣; .≈♣♣.......
#....##♣♣≈ .≈ ♣.......
#......♣♣≈ .≈ ♣.......
##......♣♣≈♣. ♣♣.......
#.......♣♣≈..≈♣♣.......
###....##♣♣≈.♣≈♣♣.......
#......P#.♣≈..♣♣........
##.....##.♣≈.♣≈♣........
###....@..♣≈..≈♣........
#......D..♣≈♣.≈♣........
###....#..♣♣..♣♣........
###....##..♣..♣.........
#P.....###.♣..♣.......Y.
##..........⌠⌠..#..#).##
###.......##...D##..#####
#..................####.#
#P.............##..##..##


You could see an eight-headed hydra.

Vanquished Creatures
  Snorg (Lair:3)
  2 hydras
  An ogre mage (Volcano)
  5 two-headed ogres (Volcano)
  A hell knight (Volcano)
  2 bog bodies (Lair:3)
  Joseph (D:7)
  10 elephants
  7 cane toads
  A rime drake (Lair:3)
  6 komodo dragons
  A wraith (D:9)
  A wyvern (Lair:2)
  3 basilisks
  25 yaks
  7 fire bats (Volcano)
  12 water moccasins
  Duvessa (D:7)
  2 orc warriors
  3 ice beasts
  5 black bears
  A phantom (D:9)
  A sky beast (D:6)
  4 ogres
  4 wolves (Lair:3)
  2 centaurs (D:9)
  11 bullfrogs
  A big kobold (D:9)
  Dowan (D:7)
  3 scorpions
  8 wights
  7 lava snakes (Volcano)
  2 bullfrog zombies
  A quasit (D:9)
  5 hounds
  4 orc priests
  A centaur skeleton (D:7)
  8 orc wizards
  An iguana (D:7)
  6 worker ants
  A worker ant zombie (D:5)
  6 gnolls
  7 adders
  A shadow imp (D:7)
  2 white imps (D:6)
  2 ufetubi
  An ooze (D:6)
  An adder skeleton (D:8)
  4 worms
  16 orcs
  A ball python (D:4)
  2 bat zombies (D:4)
  A giant cockroach (D:7)
  6 goblins
  6 hobgoblins
  8 jackals
  A quokka (D:3)
  5 bats
  4 frilled lizards
  11 kobolds
  3 leopard gecko skeletons
  A quokka skeleton (D:4)
  5 rats
  A rat zombie (D:4)
264 creatures vanquished.

Vanquished Creatures (collateral kills)
  An elephant (Lair:3)
  A troll (D:9)
  A yak (D:9)
  A basilisk (Lair:1)
  2 bullfrogs (Lair:1)
  A hound (D:9)
  A hound zombie (D:8)
  A leopard gecko (D:9)
  2 orcs (D:7)
  A giant cockroach (D:1)
12 creatures vanquished.

Vanquished Creatures (others)
  68 fungi
  64 plants
132 creatures vanquished.

Grand Total: 408 creatures vanquished

Notes
Turn   | Place    | Note
-------+----------+-------------------------------------------
     0 | D:1      | raph the Human Necromancer began the quest for the Orb.
     0 | D:1      | Reached XP level 1. HP: 13/13 MP: 3/3
   153 | D:1      | Learned a level 1 spell: Animate Skeleton
   180 | D:1      | Reached XP level 2. HP: 13/19 MP: 1/5
   462 | D:1      | Found an iron altar of Okawaru.
   480 | D:1      | Became a worshipper of Warmaster Okawaru
  1185 | D:2      | Reached XP level 3. HP: 19/24 MP: 2/6
  1674 | D:2      | Learned a level 3 spell: Vampiric Draining
  1751 | D:2      | Reached XP level 4. HP: 29/30 MP: 4/7
  2445 | D:2      | Found an opulent altar of Gozag.
  2922 | D:3      | Reached XP level 5. HP: 27/35 MP: 1/8
  3119 | D:3      | Reached skill level 5 in Necromancy
  4629 | D:4      | Reached XP level 6. HP: 39/42 MP: 6/10
  4649 | D:4      | Reached skill level 1 in Fighting
  4988 | D:4      | Learned a level 4 spell: Animate Dead
  5063 | D:4      | Reached * piety under Okawaru
  5135 | D:4      | Noticed a phantom
  5803 | D:4      | Found an ancient bone altar of Kikubaaqudgha.
  5854 | D:5      | Entered Level 5 of the Dungeon
  6021 | D:5      | Noticed an ogre
  6023 | D:5      | Killed an ogre
  6024 | D:5      | Reached XP level 7. HP: 49/49 MP: 11/11
  6349 | D:5      | Found a staircase to the Ecumenical Temple.
  6743 | D:5      | Found a large runed translucent door.
  6744 | D:5      | Found a large runed translucent door.
  6747 | D:5      | Noticed inc's ghost (amateur FeEn)
  6865 | D:6      | Found Axzic's General Store.
  7007 | D:6      | Found a bloodstained altar of Trog.
  7015 | D:6      | Reached ** piety under Okawaru
  7016 | D:6      | Reached skill level 1 in Axes
  7016 | D:6      | Reached skill level 1 in Invocations
  7016 | D:6      | Reached XP level 8. HP: 52/57 MP: 5/12
  7034 | D:6      | Reached skill level 2 in Axes
  7223 | D:6      | Found Ysanyase's Distillery.
  7235 | D:6      | Bought a potion of heal wounds for 55 gold pieces
  7235 | D:6      | Bought a potion of haste for 110 gold pieces
  7457 | D:6      | Found a shimmering blue altar of Sif Muna.
  7458 | D:6      | Found a white marble altar of Elyvilon.
  8083 | D:7      | Reached skill level 3 in Axes
  8273 | D:7      | Noticed Joseph
  8353 | D:7      | Killed Joseph
  8354 | D:7      | Reached XP level 9. HP: 32/65 MP: 8/14
  8532 | D:7      | Noticed Duvessa
  8532 | D:7      | Noticed Dowan
  8548 | D:7      | Killed Duvessa
  8548 | D:7      | Reached *** piety under Okawaru
  8551 | D:7      | Killed Dowan
  8552 | D:7      | Reached skill level 4 in Axes
  8672 | D:7      | Reached skill level 5 in Dodging
  8934 | D:7      | Learned a level 5 spell: Agony
  8936 | D:7      | Found a blossoming altar of Fedhas.
  9294 | D:8      | Found an ornate altar of the Wu Jian Council.
  9808 | D:8      | Reached skill level 5 in Axes
 10193 | D:9      | Reached **** piety under Okawaru
 10251 | D:9      | Reached XP level 10. HP: 69/73 MP: 11/16
 10355 | D:9      | Reached skill level 6 in Axes
 10513 | D:9      | Reached skill level 5 in Fighting
 10606 | D:9      | Found a staircase to the Lair.
 10942 | D:9      | Reached skill level 5 in Invocations
 11150 | D:9      | Found Gugofal's Antique Weapon Shoppe.
 11345 | D:9      | Reached skill level 7 in Axes
 11906 | D:9      | Reached skill level 1 in Evocations
 11906 | D:9      | Reached ***** piety under Okawaru
 12031 | D:9      | Reached XP level 11. HP: 81/81 MP: 15/17
 12207 | D:9      | Bought a broad axe for 116 gold pieces
 12295 | Lair:1   | Entered Level 1 of the Lair of Beasts
 12346 | Lair:1   | Noticed a six-headed hydra
 12669 | Lair:1   | Killed a six-headed hydra
 12669 | Lair:1   | Received a gift from Okawaru
 12670 | Lair:1   | Reached skill level 8 in Axes
 12915 | Lair:1   | Learned a level 1 spell: Sandblast
 13044 | Lair:1   | Received a gift from Okawaru
 13971 | Lair:1   | Reached skill level 9 in Axes
 14425 | Lair:2   | Reached skill level 1 in Earth Magic
 14443 | Lair:2   | Found a dark tunnel.
 14449 | Volcano  | Entered a volcano
 14908 | Volcano  | Noticed a two-headed ogre
 14908 | Volcano  | Noticed a two-headed ogre
 14911 | Volcano  | Noticed a two-headed ogre
 14915 | Volcano  | Noticed a two-headed ogre
 14916 | Volcano  | Noticed a hell knight
 14921 | Volcano  | Noticed a two-headed ogre
 14922 | Volcano  | Killed a two-headed ogre
 14924 | Volcano  | Killed a two-headed ogre
 14927 | Volcano  | Killed a two-headed ogre
 14928 | Volcano  | Reached skill level 10 in Axes
 14928 | Volcano  | Reached XP level 12. HP: 52/87 MP: 4/18
 14930 | Volcano  | Killed a two-headed ogre
 14930 | Volcano  | Received a gift from Okawaru
 14931 | Volcano  | Reached skill level 5 in Evocations
 14932 | Volcano  | Killed a two-headed ogre
 14936 | Volcano  | Killed a hell knight
 15140 | Volcano  | Noticed an ogre mage
 15164 | Volcano  | Killed an ogre mage
 15484 | Volcano  | Found a radiant altar of Vehumet.
 15512 | Volcano  | Found a bloodstained altar of Trog.
 15868 | Lair:2   | Learned a level 2 spell: Passwall
 15893 | Lair:2   | Reached skill level 11 in Axes
 16677 | Lair:2   | Reached skill level 5 in Earth Magic
 17004 | Lair:2   | Reached skill level 12 in Axes
 18156 | Lair:3   | Received a gift from Okawaru
 18160 | Lair:3   | Reached XP level 13. HP: 53/93 MP: 5/19
 18727 | Lair:3   | Reached skill level 13 in Axes
 18843 | Lair:3   | Noticed an eight-headed hydra
 18963 | Lair:3   | Noticed Snorg
 19491 | Lair:3   | Noticed an eight-headed hydra
 19903 | Lair:3   | Killed a five-headed hydra
 19904 | Lair:3   | Reached skill level 14 in Axes
 20395 | Lair:3   | Killed Snorg
 20395 | Lair:3   | Received a gift from Okawaru
 20842 | Lair:3   | HP: 3/93 [eight-headed hydra (15)]
 20850 | Lair:3   | Slain by an eight-headed hydra

Illustrated notes

Levels and vault maps discovered:
D:1:      dpeg_arrival_round_c, layout_basic, minmay_misc_feat_diagonals,
          okawaru_ov_weapons_minmay
D:2:      layout_loops_cross, grunt_gozag_breadcrumbs
D:3:      layout_basic
D:4:      layout_loops_ring, lemuel_zombie_altar_kikubaaqudgha
D:5:      layout_rooms, minmay_temple_entry_nine_rooms,
          ebering_ghost_disaster_area
D:6:      layout_basic, trog_ov_bears_minmay, gammafunk_temple_overflow_pools,
          serial_shops, shop, shop
D:7:      layout_rooms, fedhas_altar_fruit_tree, uniq_joseph, uniq_duvessa
D:8:      layout_rooms, basic_altar
D:9:      layout_irregular_city, due_lair_maze_entry_diamond, serial_shops,
          nicolae_shop_stone, kb_rosetta
Lair:1:   layout_long_grid, gauntlet_entry_generic, serial_bayou_shore_b,
          grunt_megastairs_1, lemuel_fruit_tree
Lair:2:   layout_regular_city, enter_volcano_2
Lair:3:   layout_gridlike, nicolae_swamp_entry_splash_gauntlet, uniq_snorg

Skill      XL: |  1  2  3  4  5  6  7  8  9 10 11 12 13 |
---------------+----------------------------------------+-----
Necromancy     | 5 6 7 8 9 |  9.0
Stealth        | 3 4 |  4.2
Dodging        | 3 4 5 6 |  6.6
Fighting       | 1 2 3 4 5 |  5.9
Axes           | 1 3 5 7 10 12 14 | 14.7
Spellcasting   | 3 4 |  4.0
Invocations    | 1 2 4 5 |  5.2
Evocations     | 1 4 5 |  5.6
Earth Magic    | 3 5 |  5.0

Action                   |  1- 3 |  4- 6 |  7- 9 | 10-12 | 13-15 || total
-------------------------+-------+-------+-------+-------+-------++-------
Melee: Dagger            |     1 |     7 |       |       |       ||     8
       Hand axe          |     7 |    59 |   201 |   155 |       ||   422
       Punch             |       |       |     2 |     3 |       ||     5
       Broad axe         |       |       |       |   116 |       ||   116
       Battleaxe         |       |       |       |    84 |    97 ||   181
 Cast: Pain              |    40 |   112 |    74 |    87 |    12 ||   325
       Animate Skeleton  |     6 |     9 |    10 |    12 |     1 ||    38
       Vampiric Draining |       |     1 |    21 |    76 |    18 ||   116
       Animate Dead      |       |       |     3 |    12 |     5 ||    20
       Agony             |       |       |       |    22 |    16 ||    38
       Sandblast         |       |       |       |     7 |     4 ||    11
Invok: Heroism           |       |       |     7 |    12 |     4 ||    23
       Finesse           |       |       |       |     2 |     1 ||     3
Evoke: Wand              |       |     5 |     6 |    22 |       ||    33
       Condenser vane    |       |       |       |     1 |       ||     1
  Use: Scroll            |     7 |     5 |     3 |    11 |     5 ||    31
       Potion            |       |     1 |     1 |     3 |       ||     5
 Stab: Sleeping          |     1 |     5 |     2 |     3 |     2 ||    13
       Paralysed         |       |     1 |       |       |       ||     1
       Distracted        |       |       |       |     2 |     1 ||     3
Armor: Robe              |     1 |    14 |       |       |       ||    15
       Leather armour    |       |    25 |    52 |   147 |    61 ||   285
Dodge: Dodged            |    10 |    82 |   170 |   471 |   137 ||   870
